 Dungeon Crawl Stone Soup version 0.25.1-9-gc5326a611f (webtiles) character file.

Game seed: 12083885281637428898

77 Clowwww the Skirmisher (level 4, 0/52 HPs)
             Began as a Demonspawn Fighter on Jan 3, 2021.
             Succumbed to Robin's poison
             ... on level 2 of the Dungeon.
             The game lasted 00:03:15 (1266 turns).

Clowwww the Skirmisher (Demonspawn Fighter)         Turns: 1266, Time: 00:03:16

Health: 0/52       AC: 22    Str: 18    XL:     4   Next: 14%
Magic:  4/4        EV:  2    Int:  9    God:
Gold:   50         SH:  9    Dex: 12    Spells: 3/3 levels left

rFire    . . .     SeeInvis .   a - +0 war axe
rCold    . . .     Gourm    .   c - +0 kite shield
rNeg     + + +     Faith    .   (armour currently unavailable)
rPois    +         Spirit   .   (helmet currently unavailable)
rElec    .         Reflect  .   (cloak currently unavailable)
rCorr    .         Harm     .   (gloves currently unavailable)
MR       .....     NoTele   +   (boots currently unavailable)
Stlth    +.........             (no amulet)
HPRegen  0.17/turn              (no ring)
MPRegen  0.09/turn              (no ring)

@: mighty, lethally poisoned (0 -> -5), tree-form, very slightly contaminated,
invisible
A: rot immunity
a: no special abilities


You were on level 2 of the Dungeon.
You were not hungry.
You were a tree.
You visited 1 branch of the dungeon, and saw 2 of its levels.

You collected 50 gold pieces.

Inventory:

Hand Weapons
 a - a +0 war axe (weapon)
Armour
 b - a +0 scale mail (melded)
 c - a +0 kite shield (worn)
 l - a +2 pair of boots (melded)
Wands
 h - a wand of clouds (5)
Scrolls
 g - 3 scrolls of teleportation
 j - a scroll of fear {unknown}
 k - a scroll of remove curse {unknown}
 m - a scroll of immolation {unknown}
Comestibles
 f - 3 rations
 o - 2 chunks of flesh


   Skills:
 + Level 3.2 Fighting
 * Level 3.2 Axes
 + Level 2.9 Armour
 + Level 0.7 Dodging
 + Level 3.0 Shields


You had 3 spell levels left.
You didn't know any spells.
Your spell library was empty.

Dungeon Overview and Level Annotations

Branches:
Dungeon (2/15)

Altars:

Annotations:
D:2 Robin


Innate Abilities, Weirdness & Mutations

You are immune to rotting.
((Your movements are less encumbered by armour. (ER -4)))


Message History

Aim: a goblin, wielding a -2 dagger (strong)
Okay, then.
You barely miss the goblin.
* * * LOW HITPOINT WARNING * * *
You feel sick. You block the goblin's attack.
Robin hits you but does no damage.
You slash the goblin!
You kill the goblin!
* * * LOW HITPOINT WARNING * * *
You feel sick.
The goblin shouts!
You cannot move.
Unknown command.
Unknown command.
You aren't carrying any potions.
Unknown command.
As you read the scroll labeled TIVEIF JUTS, it crumbles to dust.
It is a scroll of identify.
g - 3 scrolls of teleportation You die...

#.. ### ⌠#... ..# ########
##...#.###.# #......#
#........#.# #.####.#
#..##..#.#.# #####.####.#
#g.).....#.####)).....##.#
..#.......÷#gg..♣...#<##.#
#.........†..##.##.......#
#......##..##.##.##..###
#....†.†......##.###.#
#.......#....)..#.# #.#
.........#......)#.# #.#
...................# #.#
................>### #.#
.........#.......# ##.##


You could see Robin and a goblin (wandering, strong).

Vanquished Creatures
  A worker ant (D:2)
  An adder (D:2)
  A dart slug (D:1)
  2 leopard geckos
  A ball python (D:2)
  2 giant cockroaches (D:1)
  8 goblins
  8 hobgoblins
  5 kobolds
  3 bats (D:1)
  3 frilled lizards (D:1)
  3 rats (D:1)
38 creatures vanquished.

Notes
Turn   | Place    | Note
-------+----------+-------------------------------------------
     0 | D:1      | Clowwww the Demonspawn Fighter began the quest for the Orb.
     0 | D:1      | Reached XP level 1. HP: 18/18 MP: 1/1
   228 | D:1      | Gained mutation: You are immune to rotting. [demonic
                  | ancestry]
   228 | D:1      | Reached XP level 2. HP: 21/24 MP: 2/2
  1109 | D:2      | Gained mutation: Your movements are slightly less
                  | encumbered by armour. (ER -2) [demonic ancestry]
  1109 | D:2      | Reached XP level 3. HP: 25/29 MP: 3/3
  1233 | D:2      | Noticed Robin
  1256 | D:2      | Gained mutation: Your movements are less encumbered by
                  | armour. (ER -4) [demonic ancestry]
  1256 | D:2      | Reached XP level 4. HP: 10/35 MP: 4/4
  1264 | D:2      | HP: 2/52 [poisoned by Robin]
  1266 | D:2      | Succumbed to Robin's poison

Illustrated notes

Levels and vault maps discovered:
D:1:      dpeg_cavernosity, layout_basic
D:2:      layout_loops_cross, minmay_misc_feat_rows, evilmike_ruin_ashenzari,
          uniq_robin

Skill      XL: |  1  2  3 |
---------------+----------+-----
Axes           | 2 3 |  3.2
Shields        | 3 |  3.0
Fighting       | |  3.2
Armour         | |  2.9
Dodging        | |  0.7

Action                   |  1- 3 |  4- 6 || total
-------------------------+-------+-------++-------
Melee: War axe           |   122 |     5 ||   127
  Use: Potion            |     1 |     2 ||     3
       Scroll            |       |     1 ||     1
  Eat: Chunk             |     1 |       ||     1
Armor: Scale mail        |    63 |     3 ||    66
Dodge: Dodged            |    46 |     3 ||    49
Block: Kite shield       |    82 |     4 ||    86
